AoeStats
← ForgeableSum

Arabian Desert

509830927Analyzed
1v1 RM · 5d ago on Sep 28, 2026· 48m 45s· 2 players
Game mode
Random Map
Map size
Tiny (2 player)
Population
200
Speed
Normal
Resources
Standard
Victory
Conquest
Starting age
Dark Age
Ending age
Imperial Age
RankedLock teamsTeams togetherTeam positionsShared explorationLock speedFull tech treeHidden civsTurbo modeCheats
Victory
Defeat
🇺🇸 Italians · United States
1409
+17
🇭🇰 Hindustanis · Hong Kong SAR China
1426
-17
ForgeableSum
7:32 Loom
9:19 Feudal Age
10:24 Double-Bit Axe
11:56 Man-at-Arms
16:28 Fletching
20:55 Castle Age
19:29 Padded Archer Armor
21:02 Crossbowman
22:24 Bodkin Arrow
25:06 Bow Saw
26:06 Elite Skirmisher
28:44 Horse Collar
38:28 Imperial Age
37:38 Wheelbarrow
37:18 Gold Mining
40:26 Chemistry
40:32 Hand Cart
40:42 Conscription
41:10 Bracer
43:02 Town Watch
46:35 Leather Archer Armor
47:56 Ring Archer Armor
47:56 Heavy Plow
49:01 Two-Man Saw
48:49 Pirotechnia
twf_wing
5:45 Loom
8:30 Feudal Age
13:46 Gold Mining
18:01 Padded Archer Armor
19:01 Double-Bit Axe
21:27 Wheelbarrow
25:25 Castle Age
23:54 Fletching
24:21 Stone Mining
26:01 Bodkin Arrow
25:32 Crossbowman
26:58 Bow Saw
27:28 Town Watch
37:30 Grand Trunk Road
37:59 Scale Mail Armor
38:09 Forging
39:16 Chain Mail Armor
42:31 Gold Shaft Mining
42:44 Horse Collar
48:22 Imperial Age
46:56 Leather Archer Armor
47:45 Iron Casting
Connection lost

Rejoining the realm…

Still unreachable

The connection could not be restored.

Session expired

The server has moved on; the page needs a fresh start.